 Dungeon Crawl Stone Soup version 0.30-a0-603-g51a0fb1b98 (webtiles) character file.

Game seed: 11217597365208444919

242 HoaS the Shooter (level 5, -2/41 HPs)
             Began as a Demigod Hunter on Jan 7, 2023.
             Succumbed to a scorpion's poison
             ... on level 4 of the Dungeon.
             The game lasted 00:06:54 (2770 turns).

HoaS the Shooter (Demigod Hunter)                   Turns: 2770, Time: 00:06:55

Health: -2/41      AC:  7    Str: 12    XL:     5   Next: 51%
Magic:  7/7        EV: 12    Int: 11    God:
Gold:   195        SH:  0    Dex: 21    Spells: 4/4 levels left

rFire   . . .      SeeInvis .    a - +0 shortbow
rCold   . . .      Faith    .    (shield currently unavailable)
rNeg    + . .      Spirit   .    c - +0 leather armour
rPois   .          Reflect  .    (no helmet)
rElec   .          Harm     .    (no cloak)
rCorr   .          Rampage  .    (no gloves)
Will    .....                    (no boots)
Stlth   ++                       (no amulet)
HPRegen 0.26/turn                h - ring of positive energy
MPRegen 0.10/turn                e - +4 ring of protection

@: lethally poisoned (-2 -> -11)
A: high MP 1, forlorn, divine attributes
a: no special abilities


You were on level 4 of the Dungeon.
You visited 1 branch of the dungeon, and saw 5 of its levels.

You collected 195 gold pieces.

Inventory:

Hand Weapons
 a - a +0 shortbow (weapon)
Armour
 c - a +0 leather armour (worn)
Jewellery
 e - a +4 ring of protection (right hand)
 h - a ring of positive energy (left hand)
 i - a ring of see invisible
 k - a ring of flight
Scrolls
 b - 3 scrolls of immolation
 m - a scroll of blinking
Potions
 f - a potion of ambrosia
 j - a potion of heal wounds
 l - a potion of mutation


   Skills:
 - Level 1.7 Fighting
 + Level 6.5 Ranged Weapons
 - Level 1.7 Dodging
 - Level 0.8 Stealth


You had 4 spell levels left.
You didn't know any spells.
Your spell library contained the following spells:

 Spells                   Type           Power      Damage    Failure   Level
 Gell's Gravitas          Tloc           0%         N/A       80%         3
 Teleport Other           Tloc           0%         N/A       80%         3
 Animate Dead             Necr           0%         N/A       99%         4
 Borgnjor's Vile Clutch   Necr/Erth      0%         N/A       100%        5
 Death Channel            Necr           0%         N/A       100%        6
 Dispersal                Tloc           0%         N/A       100%        6


Dungeon Overview and Level Annotations

Branches:
Dungeon (5/15)             Temple (0/1) D:4

Annotations:
D:2 1 runed translucent door, Crazy Yiuf


Innate Abilities, Weirdness & Mutations

You have an increased reservoir of magic. (+10% MP)
You shall have no god before yourself.
Your divine heritage dramatically boosts your attributes as you level up.


Message History

There is a stone staircase leading up here.
The scorpion stings you.
You are poisoned.
The scorpion poisons you!
The scorpion stings you but does no damage.
You climb upwards.
You feel very sick.
There is a stone staircase leading down here.
You shoot an arrow.
The arrow hits the scorpion but does no damage.
You feel sick.
The scorpion stings you but does no damage.
You shoot an arrow. The arrow hits the scorpion!
The scorpion is moderately wounded.
You feel sick. The scorpion stings you. x2
You are more poisoned.
The scorpion poisons you!
You shoot an arrow. The arrow barely misses the scorpion.
You feel very sick. The scorpion stings you.
You are lethally poisoned!
The scorpion poisons you!
You shoot an arrow. The arrow hits the scorpion.
The scorpion is heavily wounded.
You feel very sick. The scorpion barely misses you.
The scorpion stings you but does no damage.
You shoot an arrow. The arrow closely misses the scorpion.
* * * LOW HITPOINT WARNING * * *
You feel very sick. The scorpion stings you.
* * * LOW HITPOINT WARNING * * *
You shoot an arrow. The arrow hits the scorpion!
The scorpion is almost dead.
* * * LOW HITPOINT WARNING * * *
You feel very sick. The scorpion closely misses you. The scorpion stings you.
* * * LOW HITPOINT WARNING * * *
You shoot an arrow. The arrow barely misses the scorpion.
You die...

### ##.##
##.#.#########
#.#.s........#
##.@.#######.#
### ##.##
#.#####.. #.#
#........ #.#
#..####.# #.#
#..# #.# #.#
#..# #.# #.#
#..####.# #.#
#........
#######.#
##.##.###


You could see a scorpion.

Vanquished Creatures
  A necrophage (D:4)
  An iguana (D:5)
  Terence (D:3)
  Robin (D:2)
  4 adders
  A worm (D:3)
  A dart slug (D:1)
  10 orcs
  4 endoplasms
  6 giant cockroaches
  13 goblins
  4 hobgoblins
  4 jackals (D:1)
  A kobold (D:3)
  3 ball pythons
  6 bats
  2 frilled lizards (D:1)
  2 rats (D:2)
65 creatures vanquished.

Vanquished Creatures (others)
  8 plants
  4 toadstools (D:1)
12 creatures vanquished.

Grand Total: 77 creatures vanquished

Notes
Turn   | Place    | Note
-------+----------+-------------------------------------------
     0 | D:1      | HoaS the Demigod Hunter began the quest for the Orb.
     0 | D:1      | Reached XP level 1. HP: 17/17 MP: 3/3
   179 | D:1      | Reached skill level 4 in Ranged Weapons
   319 | D:1      | Reached XP level 2. HP: 24/24 MP: 4/4
   835 | D:2      | Found a runed translucent door.
   836 | D:2      | Noticed Crazy Yiuf
   898 | D:2      | Noticed Robin
   906 | D:2      | Reached XP level 3. HP: 23/29 MP: 5/5
   906 | D:2      | Killed Robin
   934 | D:2      | Reached skill level 5 in Ranged Weapons
  1602 | D:3      | Reached XP level 4. HP: 36/36 MP: 6/6
  1695 | D:3      | Noticed Terence
  1704 | D:3      | Killed Terence
  2299 | D:4      | Noticed a necrophage
  2319 | D:4      | Killed a necrophage
  2320 | D:4      | Reached skill level 6 in Ranged Weapons
  2320 | D:4      | Reached XP level 5. HP: 41/41 MP: 7/7
  2651 | D:4      | Found a staircase to the Ecumenical Temple.
  2684 | D:5      | Entered Level 5 of the Dungeon
  2769 | D:4      | HP: 1/41 [scorpion (3)]
  2770 | D:4      | Succumbed to a scorpion's poison

Illustrated notes

Levels and vault maps discovered:
D:1:      ldierk_walled_garden_2, layout_basic,
          dreamdust_ecumenical_altar_statues
D:2:      layout_loops_ring, basic_altar, uniq_robin, uniq_crazy_yiuf_cottage
D:3:      layout_rooms, nicolae_hepliaklqana_hazy_memory, minivault_23,
          uniq_terence
D:4:      layout_loops_ring, nicolae_ashenzari_panopticon, temple_green,
          minmay_misc_feat_hallway
D:5:      layout_cave_pools, nemelex_xobeh_ov_fountains_minmay

Skill      XL: |  1  2  3  4 |
---------------+-------------+-----
Ranged Weapons | 4 5 6 |  6.5
Fighting       | |  1.7
Dodging        | |  1.7
Stealth        | |  0.8

Action                   |  1- 3 |  4- 6 || total
-------------------------+-------+-------++-------
 Fire: Shortbow          |    92 |    70 ||   162
  Use: Scroll            |     6 |     4 ||    10
Armor: Leather armour    |     4 |     8 ||    12
Dodge: Dodged            |    30 |    15 ||    45

Table legend: (Time is in decaauts)
 A = Elapsed time spent in this place.
 B = Non-inter-level travel time spent in this place.
 C = Inter-level travel time spent in this place.
 D = Time resting spent in this place.
 E = Time spent auto-exploring this place.
 F = Levels seen in this place.
 G = Mean time per level.
                   A        B        C        D        E       F      G
               +--------+--------+--------+--------+--------+-----+--------+
         Total |   2818 |   2697 |    121 |    212 |   2058 |   5 |  563.6 |
       Dungeon |   2818 |   2697 |    121 |    212 |   2058 |   5 |  563.6 |
               +--------+--------+--------+--------+--------+-----+--------+

Top non-repeatable levels by time:
     D:2: 964 daAuts
     D:4: 725 daAuts
     D:1: 615 daAuts
     D:3: 432 daAuts
     D:5: 80 daAuts
